 Dungeon Crawl Stone Soup version 0.27.1 (webtiles) character file.

Game seed: 11860034363572877683

36 pkoi the Chopper (level 3, -1/30 HPs)
             Began as a Minotaur Gladiator on Aug 25, 2021.
             Killed by divine providence
             ... invoked by an orc priest
              (12 damage)
             ... on level 3 of the Dungeon.
             The game lasted 00:03:22 (1975 turns).

pkoi the Chopper (Minotaur Gladiator)               Turns: 1975, Time: 00:03:23

Health: -1/30      AC: 10    Str: 19    XL:     3   Next: 19%
Magic:  2/2        EV:  8    Int:  5    God:
Gold:   143        SH:  0    Dex: 11    Spells: 2/2 levels left

rFire    + . .     SeeInvis .   a - +0 war axe
rCold    . . .     Faith    .   (no shield)
rNeg     . . .     Spirit   .   k - +0 chain mail {rF+}
rPois    .         Reflect  .   c - +0 hat
rElec    .         Harm     .   (no cloak)
rCorr    .         Rampage  .   j - +0 pair of gloves
Will     .....                  l - +0 pair of boots
Stlth    ..........             (no amulet)
HPRegen  0.10/turn              (no ring)
MPRegen  0.08/turn              (no ring)

@: no status effects
A: horns 2, retaliatory headbutt
a: no special abilities


You were on level 3 of the Dungeon.
You visited 1 branch of the dungeon, and saw 3 of its levels.

You collected 143 gold pieces.

Inventory:

Hand Weapons
 a - a +0 war axe (weapon)
Missiles
 d - 3 throwing nets (quivered)
Armour
 c - a +0 hat (worn)
 j - a +0 pair of gloves (worn)
 k - a +0 chain mail of fire resistance (worn)
 l - a +0 pair of boots (worn)
Jewellery
 b - a ring of flight
Scrolls
 f - 3 scrolls of identify
 g - a scroll of fear
Potions
 e - a potion of berserk rage {unknown}
 h - a potion of brilliance
 i - 3 potions of heal wounds {unknown}


   Skills:
 + Level 2.9 Fighting
 * Level 4.8 Axes
 - Level 2.0 Throwing
 + Level 1.1 Armour
 - Level 3.2 Dodging


You had 2 spell levels left.
You didn't know any spells.
Your spell library was empty.

Dungeon Overview and Level Annotations

Branches:
Dungeon (3/15)

Altars:

Shops:
D:1 *

Annotations:
D:3 Sigmund


Innate Abilities, Weirdness & Mutations

You have a pair of horns on your head.
You reflexively headbutt those who attack you in melee.


Message History

Unknown command.
Found a stone staircase leading up.
The orc priest invokes the aid of Beogh against you.
Beogh smites you!
* * * LOW HITPOINT WARNING * * *
There is a stone staircase leading up here.
The kobold hits you but does no damage.
You climb upwards.
There is a stone staircase leading down here.
A kobold is nearby!
You miss the kobold. The kobold barely misses you.
You slash the kobold!
You kill the kobold!
Things that are here:
a +0 whip; a kobold corpse
There is a stone staircase leading down here.
You start resting.
HP restored.
You climb downwards.
Level annotation: Sigmund The orc priest hits you with a +0 short sword.
There is a stone staircase leading up, spattered with blood here.
You barely miss the orc priest.
The orc priest hits you with a +0 short sword.
You are too injured to fight recklessly!
You are too injured to fight recklessly!
You are too injured to fight recklessly!
Your chain mail prevents you from hitting the orc priest.
Your headbutt misses the orc priest.
The orc priest hits you but does no damage.
You barely miss the orc priest.
The orc priest hits you but does no damage.
The orc priest mumbles some strange prayers to Beogh against you.
Beogh smites you!
* * * LOW HITPOINT WARNING * * *
You closely miss the orc priest.
The orc priest hits you but does no damage.
The orc priest calls down the wrath of Beogh upon you.
Beogh smites you!
You die...

#######.# #o# #.####
#### #.##.. ..# #o##<#
#.# #.##.# #.#####
#.#####.##.##### #.....#
#..........o..###.....#
#.#####.##.###oo@......#
##...#.# #####รท....#
#......#######.....#
##...#.........#.###
##.############.# #.#
#########.# #.#
#.........##### ##'##
#.###.........#
##...###.# #.###.###.#


You could see 2 orc priests and an orc.

Vanquished Creatures
  A worm (D:2)
  A dart slug (D:2)
  2 endoplasms
  A giant cockroach (D:1)
  2 goblins
  6 hobgoblins
  A quokka (D:2)
  2 ball pythons
  4 bats
  4 frilled lizards
  3 kobolds (D:2)
  2 rats (D:2)
29 creatures vanquished.

Vanquished Creatures (others)
  2 toadstools (D:1)
2 creatures vanquished.

Grand Total: 31 creatures vanquished

Notes
Turn   | Place    | Note
-------+----------+-------------------------------------------
     0 | D:1      | pkoi the Minotaur Gladiator began the quest for the Orb.
     0 | D:1      | Reached XP level 1. HP: 18/18 MP: 0/0
   335 | D:1      | Reached skill level 4 in Axes
   492 | D:1      | Reached XP level 2. HP: 25/25 MP: 1/1
   718 | D:1      | Found Kod Tyon's General Store.
  1200 | D:2      | Found a faded altar of an unknown god.
  1334 | D:2      | Reached skill level 1 in Armour
  1368 | D:2      | Reached XP level 3. HP: 28/30 MP: 2/2
  1594 | D:3      | Noticed Sigmund
  1975 | D:3      | Killed from afar by an orc priest

Illustrated notes

Levels and vault maps discovered:
D:1:      lightli_arrival_lavapool, layout_basic, serial_shops, shop,
          minmay_misc_feat_nine_boxes, minmay_gold_behind_fungi
D:2:      layout_basic, shapermc_ecumenical_altar_acropolis,
          minmay_stone_trees_small
D:3:      layout_loops_corners, serial_shops, shop_statue,
          minmay_tree_intersection, uniq_sigmund

Skill      XL: |  1  2 |
---------------+-------+-----
Axes           | 4 |  4.8
Armour         | 1 |  1.1
Fighting       | |  2.9
Throwing       | |  2.0
Dodging        | |  3.2

Action                   || total
-------------------------++-------
Melee: War axe           ||    54
       Headbutt          ||     6
  Use: Scroll            ||     4
 Stab: Sleeping          ||     1
Armor: Chain mail        ||    36
       Leather armour    ||     1
Dodge: Dodged            ||    19
